 Dungeon Crawl Stone Soup version 0.26.0-15-gc6cd9f700b (webtiles) character file.

Game seed: 8461197807486209130

102 EnegeticOcto the Stinger (level 4, 0/32 HPs)
             Began as a Gnoll Venom Mage on Jan 16, 2021.
             Slain by a gnoll shaman
             ... wielding a +0 whip
              (2 damage)
             ... on level 3 of the Dungeon.
             The game lasted 00:03:10 (437 turns).

EnegeticOcto the Stinger (Gnoll Venom Mage)          Turns: 437, Time: 00:03:10

Health: 0/32       AC:  2    Str: 10    XL:     4   Next: 78%
Magic:  2/11       EV: 15    Int: 18    God:
Gold:   90         SH:  0    Dex: 16    Spells: 10/13 levels left

rFire    . . .     SeeInvis .   l - +0 trident
rCold    . . .     Faith    .   (no shield)
rNeg     . . .     Spirit   .   a - +0 robe
rPois    .         Reflect  .   (helmet restricted)
rElec    .         Harm     .   (no cloak)
rCorr    .         Rampage  .   (no gloves)
Will     .....                  (no boots)
Stlth    +.........             (no amulet)
HPRegen  0.10/turn              (no ring)
MPRegen  0.12/turn              (no ring)

@: lethally poisoned (0 -> -6), attractive, glowing
A: distributed training, fangs 1, horns 1, sturdy frame 1, strong nose
a: no special abilities


You were on level 3 of the Dungeon.
You visited 1 branch of the dungeon, and saw 3 of its levels.

You collected 90 gold pieces.

Inventory:

Hand Weapons
 g - a +0 hand axe
   (You found it on level 2 of the Dungeon)
 l - a +0 trident (weapon)
   (You took it off Terence on level 2 of the Dungeon)
Missiles
 k - 6 curare-tipped darts (quivered)
Armour
 a - a +0 robe (worn)
 e - a +0 buckler
   (You found it on level 1 of the Dungeon)
Scrolls
 b - a scroll of noise {unknown}
 f - a scroll of remove curse {unknown}
 h - 3 scrolls of blinking {unknown}
 i - a scroll of fog {unknown}
 m - a scroll of enchant armour {unknown}
Potions
 j - a potion of haste {unknown}


   Skills:
 + Level 1.2 Fighting
 + Level 1.2 Short Blades
 + Level 1.2 Long Blades
 + Level 1.2 Axes
 + Level 1.2 Maces & Flails
 + Level 1.2 Polearms
 + Level 1.2 Staves
 + Level 1.2 Slings
 + Level 1.2 Bows
 + Level 1.2 Crossbows
 + Level 1.2 Throwing
 + Level 1.2 Armour
 + Level 4.7 Dodging
 + Level 4.3 Stealth
 + Level 1.2 Shields
 + Level 1.2 Unarmed Combat
 + Level 5.1 Spellcasting
 + Level 1.0 Conjurations
 + Level 1.0 Hexes
 + Level 1.0 Summonings
 + Level 1.0 Necromancy
 + Level 1.0 Translocations
 + Level 2.3 Transmutations
 + Level 1.0 Fire Magic
 + Level 1.0 Ice Magic
 + Level 1.0 Air Magic
 + Level 1.0 Earth Magic
 + Level 5.5 Poison Magic
 + Level 1.3 Invocations
 + Level 1.2 Evocations


You had 10 spell levels left.
You knew the following spells:

 Your Spells              Type           Power        Failure   Level
a - Sting                 Tmut/Pois      72%          2%          1
b - Poisonous Vapours     Pois/Air       32%          5%          2

Your spell library contained the following spells:

 Spells                   Type           Power        Failure   Level
 Ignite Poison            Fire/Tmut/Pois 15%          12%         3
 Mephitic Cloud           Conj/Pois/Air  13%          14%         3
 Olgreb's Toxic Radiance  Pois           24%          14%         4


Dungeon Overview and Level Annotations

Branches:
Dungeon (3/15)

Altars:


Innate Abilities, Weirdness & Mutations

Your experience applies equally to all skills.
You have very sharp teeth.
Your uncanny sense of smell can sniff out nearby items.
You have a pair of small horns on your head.
Your movements are slightly less encumbered by armour. (ER -2)


Message History

The gnoll shaman is engulfed in poison gas.
The gnoll shaman looks even sicker.
The gnoll misses you.
You are too injured to fight recklessly!
Casting: Poisonous Vapours (safe; 5% risk of failure)
Confirm with . or Enter, or press ? or * to list all spells.
Aiming: Sting (safe; 2% risk of failure)
Press: ? - help, Shift-Dir - straight line, f - gnoll
Aim: a gnoll, wielding a +0 spear (23% to evade)
The sting hits the gnoll.
The gnoll is poisoned.
The gnoll is lightly wounded.
The gnoll hits you from afar with a +0 spear.
The gnoll shaman mumbles some strange prayers to its god.
The gnoll shaman is healed somewhat.
The gnoll looks more healthy.
Casting: Sting (safe; 2% risk of failure)
Confirm with . or Enter, or press ? or * to list all spells.
Aiming: Sting (safe; 2% risk of failure)
Press: ? - help, Shift-Dir - straight line, f/p - gnoll
Aim: a gnoll, wielding a +0 spear (moderately wounded, 23% to evade)
The sting hits the gnoll.
The gnoll is poisoned.
The gnoll is heavily wounded.
The gnoll closely misses you.
You see here a rat corpse.
Casting: Sting (safe; 2% risk of failure)
Confirm with . or Enter, or press ? or * to list all spells.
Aiming: Sting (safe; 2% risk of failure)
Press: ? - help, Shift-Dir - straight line, f/p - gnoll
Aim: a gnoll, wielding a +0 spear (almost dead, poisoned, 23% to evade)
The sting hits the gnoll.
The gnoll looks even sicker.
You kill the gnoll!
Your Conjurations skill increases to level 1!
Your Hexes skill increases to level 1!
Your Summonings skill increases to level 1!
Your Necromancy skill increases to level 1!
Your Translocations skill increases to level 1!
Your Fire Magic skill increases to level 1!
Your Ice Magic skill increases to level 1!
Your Air Magic skill increases to level 1!
Your Earth Magic skill increases to level 1!
Casting: Sting (safe; 2% risk of failure)
Confirm with . or Enter, or press ? or * to list all spells.
Aiming: Sting (safe; 2% risk of failure)
Press: ? - help, Shift-Dir - straight line, f - adder
Aim: an adder (43% to evade)
The sting hits the adder.
The adder is poisoned.
The adder is moderately wounded.
The gnoll shaman looks more healthy.
You hit the adder but do no damage.
The adder is moderately wounded.
The adder barely misses you. The adder closely misses you.
You hit the adder. Your bite misses the adder.
The adder is heavily wounded.
The adder completely misses you.
The gnoll shaman mumbles some strange prayers to its god.
The gnoll shaman is healed somewhat.
You miss the adder.
The adder is severely wounded.
The adder bites you.
You are poisoned.
The adder poisons you!
The gnoll shaman prays to its god.
The gnoll shaman is healed somewhat.
The adder closely misses you.
You closely miss the adder.
The adder is heavily wounded.
You feel sick. The adder bites you.
You are more poisoned.
The adder poisons you! The adder bites you.
You are more poisoned.
The adder poisons you!
You hit the adder.
You kill the adder!
You feel sick.
The gnoll shaman invokes the aid of its god against you.
You are outlined in light.
Casting: Sting (safe; 2% risk of failure)
Confirm with . or Enter, or press ? or * to list all spells.
Aiming: Sting (safe; 2% risk of failure)
Press: ? - help, Shift-Dir - straight line, f - gnoll shaman
Aim: a gnoll shaman, wielding a +0 whip and wearing a +0 leather armour (heavily wounded, 23% to evade)
The sting hits the gnoll shaman.
The gnoll shaman is poisoned.
The gnoll shaman is heavily wounded.
You barely miss the gnoll shaman.
The gnoll shaman is heavily wounded.
You feel sick.
The gnoll shaman prays to its god.
The gnoll shaman is healed somewhat.
You closely miss the gnoll shaman.
The gnoll shaman is moderately wounded.
You feel sick.
The gnoll shaman hits you with a +0 whip!
* * * LOW HITPOINT WARNING * * *
It was a potion of mutation.
You feel extremely strange. A pair of horns grows on your head!
You feel less encumbered by your armour.
* * * LOW HITPOINT WARNING * * *
You feel sick. The gnoll shaman closely misses you.
It was a potion of attraction.
You feel attractive to monsters.
The gnoll shaman hits you with a +0 whip.
You die...

#..#
#########.##
..........#
########
######g###
#......#
#S#<###.####.#
#.#..........#
#.#.###.######
#.#####.#
#ggKg@..#
#########


You could see a gnoll shaman (poisoned), 2 gnolls and a kobold.

Vanquished Creatures
  Terence (D:2)
  A gnoll (D:3)
  4 adders
  A worm (D:2)
  A leopard gecko (D:2)
  An orc (D:2)
  2 giant cockroaches
  2 goblins
  5 hobgoblins
  5 kobolds
  4 bats
  A frilled lizard (D:1)
  3 rats
31 creatures vanquished.

Notes
Turn   | Place    | Note
-------+----------+-------------------------------------------
     0 | D:1      | EnegeticOcto the Gnoll Venom Mage began the quest for the
                  | Orb.
     0 | D:1      | Reached XP level 1. HP: 13/13 MP: 6/6
    82 | D:1      | Reached skill level 2 in Transmutations
   146 | D:1      | Reached XP level 2. HP: 18/19 MP: 5/7
   195 | D:2      | Learned a level 2 spell: Poisonous Vapours
   224 | D:2      | Reached skill level 5 in Spellcasting
   224 | D:2      | Reached XP level 3. HP: 24/25 MP: 1/9
   277 | D:2      | Noticed Terence
   281 | D:2      | Reached skill level 1 in Invocations
   338 | D:2      | Reached skill level 1 in Fighting
   338 | D:2      | Reached skill level 1 in Short Blades
   338 | D:2      | Reached skill level 1 in Long Blades
   338 | D:2      | Reached skill level 1 in Axes
   338 | D:2      | Reached skill level 1 in Maces & Flails
   338 | D:2      | Reached skill level 1 in Polearms
   338 | D:2      | Reached skill level 1 in Staves
   338 | D:2      | Reached skill level 1 in Slings
   338 | D:2      | Reached skill level 1 in Bows
   338 | D:2      | Reached skill level 1 in Crossbows
   338 | D:2      | Reached skill level 1 in Throwing
   338 | D:2      | Reached skill level 1 in Armour
   338 | D:2      | Reached skill level 1 in Shields
   338 | D:2      | Reached skill level 1 in Unarmed Combat
   338 | D:2      | Reached skill level 1 in Evocations
   346 | D:2      | Killed Terence
   347 | D:2      | Reached XP level 4. HP: 27/32 MP: 0/11
   427 | D:3      | Reached skill level 1 in Conjurations
   427 | D:3      | Reached skill level 1 in Hexes
   427 | D:3      | Reached skill level 1 in Summonings
   427 | D:3      | Reached skill level 1 in Necromancy
   427 | D:3      | Reached skill level 1 in Translocations
   427 | D:3      | Reached skill level 1 in Fire Magic
   427 | D:3      | Reached skill level 1 in Ice Magic
   427 | D:3      | Reached skill level 1 in Air Magic
   427 | D:3      | Reached skill level 1 in Earth Magic
   436 | D:3      | Gained mutation: You have a pair of small horns on your
                  | head. [potion of mutation]
   436 | D:3      | Gained mutation: Your movements are slightly less
                  | encumbered by armour. (ER -2) [potion of mutation]
   437 | D:3      | Slain by a gnoll shaman

Illustrated notes

Levels and vault maps discovered:
D:1:      minmay_arrival_stone_box, layout_basic
D:2:      layout_rooms, uniq_terence, uniq_sigmund
D:3:      layout_basic, serial_glass, glass_columns_a, glass_columns_b,
          kennysheep_pointless_box

Skill      XL: |  1  2  3  4 |
---------------+-------------+-----
Transmutations | 2 |  2.3
Spellcasting   | 5 |  5.1
Invocations    | 1 |  1.3
Fighting       | 1 |  1.2
Short Blades   | 1 |  1.2
Long Blades    | 1 |  1.2
Axes           | 1 |  1.2
Maces & Flails | 1 |  1.2
Polearms       | 1 |  1.2
Staves         | 1 |  1.2
Slings         | 1 |  1.2
Bows           | 1 |  1.2
Crossbows      | 1 |  1.2
Throwing       | 1 |  1.2
Armour         | 1 |  1.2
Shields        | 1 |  1.2
Unarmed Combat | 1 |  1.2
Evocations     | 1 |  1.2
Conjurations   | 1 |  1.0
Hexes          | 1 |  1.0
Summonings     | 1 |  1.0
Necromancy     | 1 |  1.0
Translocations | 1 |  1.0
Fire Magic     | 1 |  1.0
Ice Magic      | 1 |  1.0
Air Magic      | 1 |  1.0
Earth Magic    | 1 |  1.0
Dodging        | |  4.7
Stealth        | |  4.3
Poison Magic   | |  5.5

Action                   |  1- 3 |  4- 6 || total
-------------------------+-------+-------++-------
Melee: Unarmed           |     5 |       ||     5
       Hand axe          |     3 |       ||     3
       Bite              |     1 |     1 ||     2
       Trident           |       |    21 ||    21
Throw: Dart              |     3 |       ||     3
 Cast: Sting             |    23 |     6 ||    29
       Poisonous Vapours |     6 |     2 ||     8
  Use: Potion            |       |     2 ||     2
 Stab: Sleeping          |       |     1 ||     1
Armor: Robe              |     9 |     4 ||    13
Dodge: Dodged            |    27 |    11 ||    38
